 Dungeon Sprint DCSS version 0.31.0-12-g77e489cdc1 (webtiles) character file.

Game seed: 4736820367004002178

4 BigDaddyOpFi the Scholar of Death (level 1, -2/13 HPs)
             Began as a Mummy Necromancer on Mar 7, 2024.
             Was a Follower of Kikubaaqudgha.
             Slain by a gnoll
             ... wielding a +0 spear
              (4 damage)
             ... in the Dungeon (Sprint VII: "The Pits").
             The game lasted 00:00:39 (87 turns).

BigDaddyOpFi the Scholar of Death (Mummy Necromancer) Turns: 87, Time: 00:00:39

Health: -2/13      AC:  2    Str: 11    XL:     1   Next: 50%
Magic:  1/4        EV: 12    Int: 14    God:    Kikubaaqudgha [*.....]
Gold:   0          SH:  0    Dex: 12    Spells: 4/5 levels left

rFire   x . .        c - +2 hand axe (freeze)
rCold   + . .        (no shield)
rNeg    + + +        a - +0 robe
rPois   ∞            (no helmet)
rElec   .            (no cloak)
rCorr   .            (no gloves)
SInv    .            (no boots)
Will    .....        (no amulet)
Stlth   ++           (no ring)
HPRegen 0.22/turn    (no ring)
MPRegen 0.09/turn

%: no teleportation, faith
@: no status effects
A: cold resistance 1, negative energy resistance 3, torment resistance 2, heat
vulnerability 1, in touch with death 1, no potions, faith
a: Renounce Religion, Unearth Wretches


You were in the Dungeon.
You worshipped Kikubaaqudgha.
Kikubaaqudgha was aware of your devotion.
You visited 1 branch

Inventory:

Hand Weapons
 c - a +2 hand axe of freezing (weapon)
Armour
 a - a +0 robe (worn)
Scrolls
 b - a scroll of blinking
 d - 2 scrolls of vulnerability
 e - 5 scrolls of amnesia
 f - a scroll of summoning


   Skills:
 + Level 1.6 Dodging
 + Level 1.6 Stealth
 + Level 2.9 Spellcasting
 * Level 5.0 Necromancy


You had 4 spell levels left.
You knew the following spells:

 Your Spells              Type           Power      Damage    Failure   Level
a - Necrotise             Necr           96%        1d8       2%          1

Your spell library contained the following spells:

 Spells                   Type           Power      Damage    Failure   Level
 Vampiric Draining        Necr           24%        2d7       9%          3
 Cigotuvi's Dreadful Rot  Necr/Alch/Air  20%        N/A       17%         2
 Animate Dead             Necr           24%        N/A       26%         4
 Curse of Agony           Necr           24%        N/A       58%         5


Dungeon Overview and Level Annotations

Branches:
Dungeon (1/1)

Altars:
Ashenzari
Cheibriados
Dithmenos
Fedhas
Gozag
Hepliaklqana
Kikubaaqudgha
Makhleb
Nemelex Xobeh
Okawaru
Qazlal
Ru
Sif Muna
Trog
Uskayaw
Vehumet
Wu Jian
Xom
Yredelemnul
Jiyva
Lugonu


Innate Abilities, Weirdness & Mutations

You are immune to poison.
Your flesh is cold resistant. (rC+)
You are immune to negative energy. (rN+++)
You are immune to unholy pain and torment.
You are vulnerable to heat. (rF-)
You are in touch with the powers of death.
You do not drink.
You have a special connection with the divine. (Faith)


Message History

The scorpion stings you.
Your ball python skeleton bites the scorpion but does no damage.
Your ball python skeleton grabs the scorpion.
Your ball python skeleton constricts the scorpion.
The gnoll hits you from afar with a +0 spear.
The scorpion closely misses you.
Unknown command.
Unknown command.
Casting: Necrotise (safe; 2% risk of failure)
Confirm with . or Enter, or press ? or * to list all spells.
Aiming: Necrotise (safe; 2% risk of failure)
Press: ? - help, Shift-Dir - straight line, f/p - scorpion
Aim: a scorpion (lightly wounded, constricted by your ball python skeleton, chance to affect: 83%)
Okay, then.
You hit the scorpion. You freeze the scorpion.
The scorpion is moderately wounded.
Your ball python skeleton bites the scorpion but does no damage.
Your ball python skeleton constricts the scorpion.
The scorpion stings you.
The gnoll hits you from afar with a +0 spear.
Unknown command.
You hit the scorpion but do no damage.
The scorpion is moderately wounded.
Your ball python skeleton bites the scorpion.
Your ball python skeleton constricts the scorpion.
The scorpion misses you. The gnoll hits you but does no damage.
Your ball python skeleton bites the scorpion but does no damage.
Your ball python skeleton constricts the scorpion.
The scorpion misses you.
Unknown command.
You hit the scorpion but do no damage.
The scorpion is heavily wounded.
The gnoll hits you from afar with a +0 spear.
The scorpion stings you.
* * * LOW HITPOINT WARNING * * *
Your ball python skeleton bites the scorpion but does no damage.
Your ball python skeleton constricts the scorpion.
The gnoll hits you from afar with a +0 spear.
You die...
Kikubaaqudgha rasps: "You have failed me!
Welcome... oblivion!"

#_________.#
#_______...###########+
##########'##..........
#..(!')))'.##......#..#
##########.##..........
#...........'..........
#+#####'#####......#..#
#..#Z.#..##..........
#.gs@.†..#####'#####+
##+####+###.......#
#.......# #.......#
#...<...# #.......#
#.......# #.......#
#########


You could see a scorpion (distracted), a gnoll (ally target) and a friendly ball
python skeleton.

Vanquished Creatures
  A ball python (D)
  A giant cockroach (D)
  2 frilled lizards (D)
4 creatures vanquished.

Notes
Turn   | Place    | Note
-------+----------+-------------------------------------------
     0 | D        | BigDaddyOpFi the Mummy Necromancer began the quest for the
                  | Orb.
     0 | D        | Reached XP level 1. HP: 13/13 MP: 4/4
    23 | D        | Found a bloodstained altar of Trog.
    23 | D        | Found a shimmering blue altar of Sif Muna.
    23 | D        | Found a viscous altar of Jiyva.
    23 | D        | Found a hazy altar of Hepliaklqana.
    23 | D        | Found an opulent altar of Gozag.
    24 | D        | Found a basalt altar of Yredelemnul.
    24 | D        | Found a shimmering altar of Xom.
    24 | D        | Found an ornate altar of the Wu Jian Council.
    24 | D        | Found a sacrificial altar of Ru.
    24 | D        | Found a stormy altar of Qazlal.
    24 | D        | Found an iron altar of Okawaru.
    24 | D        | Found a sparkling altar of Nemelex Xobeh.
    24 | D        | Found a burning altar of Makhleb.
    24 | D        | Found a blossoming altar of Fedhas.
    24 | D        | Found a shadowy altar of Dithmenos.
    24 | D        | Found a snail-covered altar of Cheibriados.
    25 | D        | Found a radiant altar of Vehumet.
    25 | D        | Found a corrupted altar of Lugonu.
    26 | D        | Found a hide-covered altar of Uskayaw.
    26 | D        | Found an ancient bone altar of Kikubaaqudgha.
    26 | D        | Found a broken altar of Ashenzari.
    34 | D        | Became a worshipper of Kikubaaqudgha
    80 | D        | Reached * piety under Kikubaaqudgha
    80 | D        | Received a gift from Kikubaaqudgha
    82 | D        | Reached skill level 5 in Necromancy
    83 | D        | Noticed a scorpion
    87 | D        | Slain by a gnoll

Illustrated notes

Levels and vault maps discovered:
D:        pitsprint [storerooms_1, entrance_room_1, metal_vault_6, armoury_3,
          mini_pit_1, grid_room_1, main_hall_1, silver_pit, the_coven_1,
          the_vestibule_1, steel_vault_3, golden_pit, hallway_of_sentries,
          crystal_vault_4, iron_vault_5, final_vault]

Skill      XL: |  1 |
---------------+----+-----
Necromancy     | 5 |  5.0
Dodging        | |  1.6
Stealth        | |  1.6
Spellcasting   | |  2.9

Action                     || total
---------------------------++-------
  Melee: Hand axe          ||     5
   Cast: Necrotise         ||     6
 Armour: Robe              ||    10
  Dodge: Dodged            ||     4
